 Dungeon Crawl Stone Soup version 0.25.0-9-g26727b657a (webtiles) character file.

Game seed: 1046535296270509502

34 Esekla the Grave Robber (level 3, 0/39 HPs)
             Began as a Barachi Necromancer on June 20, 2020.
             Succumbed to a scorpion's poison
             ... on level 3 of the Dungeon.
             The game lasted 00:15:26 (2082 turns).

Esekla the Grave Robber (Barachi Necromancer)       Turns: 2082, Time: 00:15:27

Health: 0/39       AC: 21    Str:  9    XL:     3   Next: 31%
Magic:  0/6        EV:  2    Int: 15    God:
Gold:   71         SH:  0    Dex: 13    Spells: 4/7 levels left

rFire    . . .     SeeInvis .   h - +1 dagger
rCold    . . .     Gourm    .   (no shield)
rNeg     + + +     Faith    .   (armour currently unavailable)
rPois    +         Spirit   .   (helmet currently unavailable)
rElec    .         Reflect  .   (cloak currently unavailable)
rCorr    .         Harm     .   (gloves currently unavailable)
MR       .....     NoTele   +   (boots currently unavailable)
Stlth    ++........             (no amulet)
HPRegen  0.13/turn              d - +4 ring of evasion
MPRegen  0.10/turn              k - ring of wizardry

@: brilliant, lethally poisoned (0 -> -12), tree-form, can't hop
A: +LOS, swims
a: no special abilities


You were on level 3 of the Dungeon.
You were very hungry.
You were a tree.
You visited 1 branch of the dungeon, and saw 4 of its levels.

You collected 71 gold pieces.

Inventory:

Hand Weapons
 h - a +1 dagger (weapon)
Armour
 a - a +0 robe (melded)
Jewellery
 d - a +4 ring of evasion (left branch)
 k - a ring of wizardry (right branch)
Scrolls
 g - a scroll of amnesia
Comestibles
 c - 3 rations


   Skills:
 * Level 1.2 Fighting
 * Level 0.3 Short Blades
 * Level 2.5 Dodging
 - Level 1.7 Stealth
 + Level 2.6 Spellcasting
 + Level 4.0 Necromancy


You had 4 spell levels left.
You knew the following spells:

 Your Spells              Type           Power        Failure   Level  Hunger
d - Vampiric Draining     Necr           ###.......   4%          3    None

Your spell library contained the following spells:

 Spells                   Type           Power        Failure   Level  Hunger
 Animate Skeleton         Necr           N/A          1%          1    None
 Pain                     Necr           ###.         1%          1    None
 Animate Dead             Necr           N/A          16%         4    None
 Agony                    Necr           ###.....     38%         5    None


Dungeon Overview and Level Annotations

Branches:
Dungeon (4/15)
 Temple: D:4-7

Altars:
Dithmenos


Innate Abilities, Weirdness & Mutations

You can be seen from farther away. (+LOS)
You can swim through water.
((You cover ground slowly.))
((You can hop short distances.))


Message History

You feel sick.
The scorpion stings you but does no damage.
Casting: Vampiric Draining (dangerous; 4% risk of failure)
Confirm with . or Enter, or press ? or * to list all spells.
Aiming: Vampiric Draining (dangerous; 4% risk of failure)
Press: ? - help, Shift-Dir - straight line, f - scorpion
Aim: a scorpion (severely wounded)
You feel a surge of power!
There's nothing close enough!
* * * LOW HITPOINT WARNING * * *
You feel sick.
The scorpion stings you but does no damage.
Unknown command.
You hit the scorpion.
The scorpion is almost dead.
* * * LOW HITPOINT WARNING * * *
You feel sick.
The scorpion stings you but does no damage.
You closely miss the scorpion.
The scorpion is almost dead.
You die...

### ### ###8###8###
###8...8...8###
####♣s.......#### ##
#.#_.........>#.# .#
.....##.........##.# .#
#...####8...8...8##.....
.# #.. ###8###8###
####.# .### .. ### ###
...# ###.# # .#


You could see a scorpion.

Vanquished Creatures
  A worm (D:2)
  A dart slug (D:1)
  A leopard gecko (D:1)
  10 goblins
  3 hobgoblins (D:1)
  3 kobolds (D:1)
  2 quokkas (D:3)
  5 bats
  A frilled lizard (D:2)
  A rat (D:1)
28 creatures vanquished.

Notes
Turn   | Place    | Note
-------+----------+-------------------------------------------
     0 | D:1      | Esekla the Barachi Necromancer began the quest for the Orb.
     0 | D:1      | Reached XP level 1. HP: 13/13 MP: 3/3
   562 | D:1      | Reached XP level 2. HP: 18/20 MP: 0/5
  1135 | D:1      | Reached skill level 1 in Fighting
  1435 | D:2      | Reached XP level 3. HP: 26/26 MP: 4/6
  1444 | D:2      | Learned a level 3 spell: Vampiric Draining
  1772 | D:2      | Reached skill level 4 in Necromancy
  2018 | D:4      | Noticed an ogre
  2019 | D:4      | Noticed a scorpion
  2027 | D:3      | Found a shadowy altar of Dithmenos.
  2081 | D:3      | HP: 1/39 [poisoned by a scorpion]
  2082 | D:3      | Succumbed to a scorpion's poison

Illustrated notes

Levels and vault maps discovered:
D:1:      roderic_lyre, layout_basic, minmay_pentomino_s4
D:2:      layout_loops_ring, lemuel_round_altar, first_ration
D:3:      layout_loops_ring, nicolae_overflow_hidden_temple
D:4:      layout_basic, minmay_temple_entry_gardened_gates, wad_floor_pattern_1,
          amethyst_killhole, uniq_robin, uniq_edmund, uniq_pikel

Skill      XL: |  1  2  3 |
---------------+----------+-----
Fighting       | 1 |  1.2
Necromancy     | 4 |  4.0
Short Blades   | |  0.3
Dodging        | |  2.5
Stealth        | |  1.7
Spellcasting   | |  2.6

Action                   || total
-------------------------++-------
Melee: Unarmed           ||     7
       Dagger            ||    93
 Cast: Pain              ||    39
       Vampiric Draining ||     9
 Abil: Hop               ||     2
  Use: Scroll            ||     7
       Potion            ||     4
 Stab: Sleeping          ||     1
  Eat: Ration            ||     1
       Chunk             ||     1
Armor: Robe              ||    15
       Skin              ||     7
Dodge: Dodged            ||   101
